 Dungeon Crawl Stone Soup version 0.19-a0-958-gd69d43c (webtiles) character file.

58 Arkorax the Charmwright (level 3, 0/29 HPs)
             Began as a Demonspawn Skald on July 11, 2016.
             Slain by an orc
             ... wielding a +0 flail of draining
              (1 damage)
             ... on level 3 of the Dungeon.
             The game lasted 00:02:12 (1472 turns).

Arkorax the Charmwright (Demonspawn Skald)          Turns: 1472, Time: 00:02:13

Health: 0/29       AC:  3    Str: 12    XL:     3   Next: 76%
Magic:  5/6        EV: 11    Int: 13    God:
Gold:   111        SH:  0    Dex: 13    Spells: 1 memorised, 5 levels left

rFire  . . .     SeeInvis .     a - +0 falchion
rCold  + . .     Gourm    .     o - +0 leather armour {rC+}
rNeg   . . .     Faith    .     (no shield)
rPois  .         Spirit   .     (no helmet)
rElec  .         Dismiss  +     (no cloak)
rCorr  .         Reflect  .     (no gloves)
SustAt +         Harm     .     (no boots)
MR     .....                    h - amulet of dismissal
Stlth  ++........               (no ring)
                                n - ring of sustain attributes

@: infused, drained, not resistant to hostile enchantments, unstealthy
A: nightstalker 1, rot immunity
a: no special abilities


You were on level 3 of the Dungeon.
You were not hungry.

You visited 1 branch of the dungeon, and saw 3 of its levels.

You collected 111 gold pieces.

Inventory:

Hand Weapons
 a - a +0 falchion (weapon)
Armour
 o - a +0 leather armour of cold resistance (worn)
 p - a +0 buckler
 t - a +0 chain mail
Jewellery
 h - an amulet of dismissal (around neck)
 n - a ring of sustain attributes (left hand)
Scrolls
 b - a scroll of enchant armour {unknown}
 e - a scroll of random uselessness
 k - a scroll of magic mapping {unknown}
 q - a scroll of enchant weapon {unknown}
 r - 2 scrolls of identify {unknown}
Potions
 g - a potion of resistance {unknown}
 i - a potion of lignification {unknown}
 j - 2 potions of heal wounds {unknown}
 l - a potion of brilliance {unknown}
Books
 c - a book of Battle

   Spells                             Type                      Level
   a - Infusion                       Charms                       1
   b - Shroud of Golubria             Charms/Translocation         2
   c - Song of Slaying                Charms                       2
   d - Spectral Weapon                Hexes/Charms                 3
   e - Regeneration                   Charms/Necromancy            3
Comestibles
 d - 2 bread rations
 m - a beef jerky


   Skills:
 + Level 3.0(2.5) Fighting
 + Level 2.4(2.0) Long Blades
 + Level 1.1(0.7) Armour
 + Level 1.2(0.8) Dodging
 - Level 2.0(1.5) Spellcasting
 - Level 3.0(2.5) Charms


You had 5 spell levels left.
You knew the following spells:

 Your Spells              Type           Power        Failure   Level  Hunger
a - Infusion              Chrm           #...         14%         1    ##.....


Dungeon Overview and Level Annotations

Branches:
Dungeon (3/15)

Altars:
Hepliaklqana


Innate Abilities, Weirdness & Mutations

You are slightly more attuned to the shadows.
You are immune to rotting.


Message History

You are too injured to fight recklessly!
You are too injured to fight recklessly!
You are too injured to fight recklessly!
You see here a giant gecko corpse.
Casting: Infusion
Confirm with . or Enter, or press ? or * to list all spells.
You begin infusing your attacks with magical energy.
You barely miss the orc.
The orc is almost dead.
The orc hits you with a hand axe.
* * * LOW HITPOINT WARNING * * *
Your amulet of dismissal vibrates suddenly!
The orc disappears!
You closely miss the orc.
The orc is lightly wounded.
The orc hits you with a flail of draining.
* * * LOW HITPOINT WARNING * * *
Your amulet of dismissal vibrates suddenly!
You feel drained.
You die...

####.####.##.#####.#
#......##†##.#####.#
...)..#.....o....##.#
.#.##.#..#.##.##.##.#
#. #....#.##.##.##.#
#. #......##.......#
.. ###.########.####
#. ..# #o#
###########@######
#...[...##......#
#.......#######.#
#..†....# #.#
#.....<.# #.#
#.......##### #.#
#....>......# #.#
#.......#.#.###.#
#.........#.....#


You could see an orc.

Vanquished Creatures
  2 adders (D:2)
  An ooze (D:3)
  A worm (D:2)
  4 dart slugs
  A giant gecko (D:3)
  An orc (D:3)
  A ball python (D:2)
  A bat (D:3)
  A giant cockroach (D:3)
  5 goblins
  A hobgoblin (D:2)
  A giant newt (D:1)
  3 kobolds
  2 rats
25 creatures vanquished.

Notes
Turn   | Place    | Note
-------+----------+-------------------------------------------
     0 | D:1      | Arkorax the Demonspawn Skald began the quest for the Orb.
     0 | D:1      | Reached XP level 1. HP: 16/16 MP: 3/3
   385 | D:1      | Gained mutation: You are slightly more attuned to the shadows. [demonic ancestry]
   385 | D:1      | Reached XP level 2. HP: 23/23 MP: 5/5
   636 | D:2      | Found a hazy altar of Hepliaklqana.
   925 | D:2      | Reached skill level 1 in Armour
   925 | D:2      | Reached skill level 1 in Dodging
   925 | D:2      | Gained mutation: You are immune to rotting. [demonic ancestry]
   925 | D:2      | Reached XP level 3. HP: 25/28 MP: 6/6
  1472 | D:3      | HP: 1/29 [orc/flail of draining (2)]
  1472 | D:3      | Slain by an orc

Vault maps used:
D:1:      dpeg_arrival_short_road, bh_walls_and_bars
D:2:      lemuel_crystal_altar
D:3:      first_bread

Skill      XL: |  1  2  3 |
---------------+----------+-----
Long Blades    | 2 |  2.4
Charms         | 3 |  3.0
Armour         | 1 |  1.1
Dodging        | 1 |  1.2
Fighting       | 3 |  3.0
Spellcasting   | |  2.0

Action                   || total
-------------------------++-------
Melee: Falchion          ||   122
 Cast: Infusion          ||     1
  Use: Scroll            ||     2
 Stab: Sleeping          ||     6
  Eat: Chunk             ||     2
Armor: Leather armour    ||    17
Dodge: Dodged            ||    51
